 Dungeon Crawl Stone Soup version 0.28-a0-440-ge3cd3e9c68 (webtiles) character file.

Game seed: 8020554151451936879

781 gruber the Stinger (level 7, -10/48 HPs)
             Began as an Octopode Venom Mage on Sept 11, 2021.
             Killed from afar by an acid dragon (21 damage)
             ... with a splash of acid
             ... on level 4 of the Dungeon.
             The game lasted 00:05:33 (6168 turns).

gruber the Stinger (Octopode Venom Mage)            Turns: 6168, Time: 00:05:33

Health: -10/48     AC:  1    Str: 13    XL:     7   Next: 85%
Magic:  4/10       EV: 13    Int: 20    God:
Gold:   168        SH:  5    Dex: 12    Spells: 5/10 levels left

rFire   . . .      SeeInvis .   l - +2 whip (venom)
rCold   . . .      Faith    .   j - +0 buckler
rNeg    . . .      Spirit   .   (helmet restricted)
rPois   .          Reflect  .   (no amulet)
rElec   .          Harm     .   i - +6 ring of strength
rCorr   .          Rampage  .   (no ring)
Will    .....                   (no ring)
Stlth   +++.......              (no ring)
HPRegen 0.16/turn               (no ring)
MPRegen 0.12/turn               (no ring)
                                (no ring)
                                (no ring)

@: very slightly contaminated
A: almost no armour, amphibious, 8 rings, camouflage 1, gelatinous body 1,
(nimble swimmer 1), tentacles
a: no special abilities


You were on level 4 of the Dungeon.
You visited 1 branch of the dungeon, and saw 5 of its levels.

You collected 168 gold pieces.

Inventory:

Hand Weapons
 l - a +2 whip of venom (weapon)
Armour
 j - a +0 buckler (worn)
Jewellery
 i - a +6 ring of strength (left tentacle)
Scrolls
 b - 2 scrolls of fog {unknown}
 d - 3 scrolls of identify {unknown}
 f - a scroll of summoning {unknown}
 h - a scroll of magic mapping {unknown}
 k - a scroll of teleportation {unknown}
 m - a scroll of vulnerability {unknown}
 o - a scroll of immolation {unknown}
 p - a scroll of blinking {unknown}
Potions
 a - a potion of attraction {unknown}
 c - a potion of lignification {unknown}
 e - 2 potions of heal wounds
 n - 2 potions of curing {unknown}
 q - 2 potions of might {unknown}
 r - a potion of haste {unknown}
 s - a potion of resistance {unknown}


   Skills:
 * Level 4.0 Fighting
 - Level 2.0 Dodging
 - Level 2.6 Stealth
 - Level 6.0 Shields
 - Level 2.0 Spellcasting
 - Level 1.0 Transmutations
 - Level 6.0 Poison Magic


You had 5 spell levels left.
You knew the following spells:

 Your Spells              Type           Power      Damage    Failure   Level
a - Sting                 Tmut/Pois      64%        1d6       3%          1
b - Olgreb's Toxic Radia  Pois           26%        N/A       13%         4

Your spell library contained the following spells:

 Spells                   Type           Power      Damage    Failure   Level
 Poisonous Vapours        Pois/Air       28%        N/A       7%          2
 Mephitic Cloud           Conj/Pois/Air  10%        N/A       21%         3
 Static Discharge         Conj/Air       2%         N/A       24%         2
 Conjure Flame            Conj/Fire      2%         6-21      43%         3
 Portal Projectile        Hex/Tloc       4%         N/A       43%         3
 Blade Hands              Tmut           3%         N/A       96%         5
 Excruciating Wounds      Necr           1%         N/A       99%         5
 Metabolic Englaciation   Hex/Ice        1%         N/A       99%         5
 Simulacrum               Ice/Necr       1%         N/A       100%        6


Dungeon Overview and Level Annotations

Branches:
Dungeon (5/15)
 Temple: D:4-7

Altars:
Dithmenos
Elyvilon
Fedhas
Gozag
Ru
Trog

Shops:
D:1 ?(

Annotations:
D:4 Menkaure


Innate Abilities, Weirdness & Mutations

You cannot wear most types of armour.
You are amphibious.
You can wear up to eight rings at the same time.
Your skin changes colour to match your surroundings (Stealth+).
Your rubbery body absorbs attacks. (AC +1, EV +1)
((You are camouflaged near water. (Stealth+)))
You have tentacles for arms and can constrict up to eight enemies at once.


Message History

Unknown command.
Unknown command.
Casting: Olgreb's Toxic Radiance (quite dangerous; 13% risk of failure)
Confirm with . or Enter, or press ? or * to list all spells.
The spell is quite dangerous to cast (13% risk of failure)!
Continue anyway?
You begin to radiate toxic energy.
The acid dragon bites you! The acid dragon closely misses you.
Unknown command.
Unknown command.
Unknown command.
Unknown command.
You closely miss the acid dragon.
The acid dragon is heavily wounded.
Your toxic aura wanes.
The acid dragon bites you!
* * * LOW HITPOINT WARNING * * *
The acid dragon claws you.
* * * LOW HITPOINT WARNING * * *
Unknown command.
Casting: Olgreb's Toxic Radiance (quite dangerous; 13% risk of failure)
Confirm with . or Enter, or press ? or * to list all spells.
Aiming: Sting (safe; 3% risk of failure)
Press: ? - help, Shift-Dir - straight line, f/p - acid dragon
Aim: an acid dragon (severely wounded, very poisoned, 74% to hit)
You miscast Sting.
You are very lightly contaminated with residual magic.
Nothing appears to happen.
The acid dragon barely misses you. You block the acid dragon's attack.
Unknown command.
Casting: Sting (safe; 3% risk of failure)
Confirm with . or Enter, or press ? or * to list all spells.
Aiming: Sting (safe; 3% risk of failure)
Press: ? - help, Shift-Dir - straight line, f/p - acid dragon
Aim: an acid dragon (almost dead, very poisoned, 74% to hit)
The sting hits the acid dragon but does no damage.
The acid dragon looks even sicker.
The acid dragon is almost dead.
The acid dragon spits acid at you. The splash of acid hits you!!
You die...

.# ..# #.!. ###.# #...
#... #..#### ##.###
### ###.###.# ##...#
#....##.####....
.##)..#.#.##...## #
#..###...###....# .#.#
##.##.#...##....##...#
...##.....###...@.#
...##........#..#D#
.#.........#...!##..
##.........#......###
.............>......
.....................
...............#.....
<...###..............
....##..............


You could see an acid dragon (very poisoned, catching breath).

Vanquished Creatures
  Sigmund (D:5)
  A necrophage (D:5)
  An ogre (D:4)
  A centaur (D:5)
  A howler monkey (D:5)
  A bullfrog skeleton (D:5)
  A bullfrog zombie (D:5)
  A hound (D:4)
  An orc priest (D:5)
  A centaur skeleton (D:5)
  2 orc wizards
  3 adders
  A howler monkey skeleton (D:4)
  A white imp (D:5)
  An ufetubus (D:5)
  An adder skeleton (D:3)
  A worm (D:2)
  13 orcs
  7 ball pythons
  5 endoplasms
  2 giant cockroaches
  2 goblins
  A hobgoblin (D:3)
  7 jackals
  2 quokkas (D:2)
  6 bats
  3 frilled lizards
  7 kobolds
  2 rats (D:2)
77 creatures vanquished.

Notes
Turn   | Place    | Note
-------+----------+-------------------------------------------
     0 | D:1      | gruber the Octopode Venom Mage began the quest for the Orb.
     0 | D:1      | Reached XP level 1. HP: 11/11 MP: 3/3
   183 | D:1      | Found Muvaez's Magic Scroll Boutique.
   267 | D:1      | Reached XP level 2. HP: 17/17 MP: 5/5
   373 | D:1      | Found Rarropen's Weapon Shoppe.
  1523 | D:1      | Found a faded altar of an unknown god.
  2101 | D:2      | Reached skill level 5 in Poison Magic
  2101 | D:2      | Reached XP level 3. HP: 15/21 MP: 6/6
  3177 | D:3      | Reached XP level 4. HP: 14/27 MP: 7/7
  3445 | D:3      | Found a blossoming altar of Fedhas.
  3805 | D:3      | Learned a level 4 spell: Olgreb's Toxic Radiance
  3805 | D:3      | You fall into a shaft and drop 2 floors!
  3805 | D:5      | Entered Level 5 of the Dungeon
  3805 | D:5      | Noticed a necrophage
  3833 | D:5      | Reached skill level 1 in Shields
  3846 | D:5      | Reached XP level 5. HP: 15/31 MP: 5/8
  3898 | D:5      | Noticed a centaur
  4039 | D:5      | Killed a centaur
  4204 | D:5      | Got the Collected Works on the Hurtful Glacier
  4210 | D:5      | Noticed Sigmund
  4346 | D:5      | Killed a necrophage
  4347 | D:5      | Reached XP level 6. HP: 30/36 MP: 9/9
  4438 | D:5      | Killed Sigmund
  4439 | D:5      | Reached skill level 5 in Shields
  4439 | D:5      | Reached XP level 7. HP: 33/41 MP: 0/10
  4755 | D:5      | Reached skill level 1 in Fighting
  5183 | D:4      | Found a shadowy altar of Dithmenos.
  5557 | D:3      | Found a bloodstained altar of Trog.
  5694 | D:3      | Found a white marble altar of Elyvilon.
  5694 | D:3      | Found a faded altar of an unknown god.
  5704 | D:3      | Found a sacrificial altar of Ru.
  5706 | D:3      | Found a faded altar of an unknown god.
  5708 | D:3      | Found an opulent altar of Gozag.
  5852 | D:4      | Noticed Menkaure
  6168 | D:4      | Killed from afar by an acid dragon

Illustrated notes

Levels and vault maps discovered:
D:1:      psy_arrival_radial01, layout_basic, serial_shops, shop_fountains,
          shop, chequers_ecumenical_altar_twisty
D:2:      layout_basic
D:3:      layout_rooms, marbit_many_paths, fedhas_altar_2,
          chequers_temple_overflow_minitemple, chequers_avenue, wad_orctagon
D:4:      layout_layer_cave, grunt_dithmenos_smoke_and_mirrors, uniq_menkaure
D:5:      layout_basic, corexii_checkpoint_a, uniq_sigmund, uniq_blork_the_orc

Skill      XL: |  1  2  3  4  5  6  7 |
---------------+----------------------+-----
Poison Magic   | 4 5 6 |  6.0
Shields        | 2 4 5 6 |  6.0
Fighting       | 4 |  4.0
Dodging        | |  2.0
Stealth        | |  2.6
Spellcasting   | |  2.0
Transmutations | |  1.0

Action                   |  1- 3 |  4- 6 |  7- 9 || total
-------------------------+-------+-------+-------++-------
Melee: Unarmed           |    41 |       |       ||    41
       Constrict         |    17 |     5 |    16 ||    38
       Tentacles         |     9 |     5 |    19 ||    33
       Short sword       |    43 |     9 |       ||    52
       Whip              |       |    10 |    63 ||    73
 Cast: Sting             |    12 |    30 |     8 ||    50
       Olgreb's Toxic Ra |       |     2 |     3 ||     5
Evoke: Wand              |       |     7 |     3 ||    10
  Use: Potion            |       |     1 |       ||     1
 Stab: Sleeping          |    12 |       |     3 ||    15
Armor: Skin              |     7 |     5 |     1 ||    13
Dodge: Dodged            |    65 |    24 |    46 ||   135
Block: Buckler           |       |     9 |    11 ||    20

Table legend: (Time is in decaauts)
 A = Elapsed time spent in this place.
 B = Non-inter-level travel time spent in this place.
 C = Inter-level travel time spent in this place.
 D = Time resting spent in this place.
 E = Time spent auto-exploring this place.
 F = Levels seen in this place.
 G = Mean time per level.
                   A        B        C        D        E       F      G
               +--------+--------+--------+--------+--------+-----+--------+
         Total |   6184 |   6015 |    169 |    537 |   4765 |   5 | 1236.8 |
       Dungeon |   6184 |   6015 |    169 |    537 |   4765 |   5 | 1236.8 |
               +--------+--------+--------+--------+--------+-----+--------+

Top non-repeatable levels by time:
     D:1: 1671 daAuts
     D:2: 1494 daAuts
     D:3: 1284 daAuts
     D:5: 1001 daAuts
     D:4: 732 daAuts
